 Dungeon Crawl Stone Soup version 0.25-a0-990-g0adbbaad2a (console) character file.

Game seed: 4101168039926434027, levelgen mode: classic

9 Duffy the Firebug (level 2, 11/19 HPs)
             Began as a Demonspawn Fire Elementalist on May 10, 2020.
             Quit the game on level 1 of the Dungeon.
             The game lasted 00:00:26 (354 turns).

Duffy the Firebug (Demonspawn Fire Elementalist)     Turns: 354, Time: 00:00:26

Health: 11/19      AC:  2    Str:  8    XL:     2   Next: 3%
Magic:  0/5        EV: 14    Int: 16    God:
Gold:   0          SH:  0    Dex: 13    Spells: 4/5 levels left

rFire    . . .     SeeInvis .   c - ration
rCold    . . .     Gourm    .   (no shield)
rNeg     . . .     Faith    .   a - +0 robe
rPois    .         Spirit   .   (no helmet)
rElec    .         Reflect  .   (no cloak)
rCorr    .         Harm     .   (no gloves)
MR       .....                  (no boots)
Stlth    ++........             (no amulet)
HPRegen  0.06/turn              (no ring)
MPRegen  0.09/turn              (no ring)

@: no status effects
A: repulsion field 1
a: no special abilities


You were on level 1 of the Dungeon.
You were not hungry.

You visited 1 branch of the dungeon, and saw 1 of its levels.

Inventory:

Armour
 a - a +0 robe (worn)
Comestibles
 b - a chunk of flesh
 c - a ration (in hand)


   Skills:
 - Level 1.7 Dodging
 - Level 1.7 Stealth
 - Level 2.0 Spellcasting
 + Level 2.1 Conjurations
 - Level 2.6 Fire Magic


You had 4 spell levels left.
You knew the following spells:

 Your Spells              Type           Power        Failure   Level  Hunger
h - Foxfire               Conj/Fire      #...         8%          1    #......

Your spell library contained the following spells:

 Spells                   Type           Power        Failure   Level  Hunger
 Conjure Flame            Conj/Fire      #.......     22%         3    ###....
 Inner Flame              Hex/Fire       #.......     34%         3    ###....
 Sticky Flame             Conj/Fire      #.......     58%         4    #####..
 Fireball                 Conj/Fire      #.........   91%         5    ######.


Dungeon Overview and Level Annotations

Branches:
Dungeon (1/15)

Altars:


Innate Abilities, Weirdness & Mutations

You are surrounded by a mild repulsion field. (EV +2)


Message History

The leopard gecko barely misses you.
Cast which spell? (? or * to list)
You conjure some foxfire!
The leopard gecko bites you.
Unknown command.
Cast which spell? (? or * to list)
You conjure some foxfire!
The foxfire hits the leopard gecko but does no damage.
The leopard gecko completely misses you.
Unknown command.
Cast which spell? (? or * to list)
You conjure some foxfire!
The foxfire hits the leopard gecko.
The leopard gecko is lightly wounded.
The foxfire hits the leopard gecko.
The leopard gecko is almost dead.
The foxfire hits the leopard gecko.
You kill the leopard gecko!
You have reached level 2!
Your demonic ancestry asserts itself...
You begin to radiate repulsive energy.
Are you sure you want to abandon this character and quit the game? (Confirm with "yes".)

#.# ###.# #.# #...# #.#
#.#.# #.###.#.# #
#.......# .# #####.###
#.# # ##.## #..##
####...###########....###
+...............0@%.....+
####...##########.v....##
# #.....## #......#
####.....# #.#...##
~00##...## #.#####
0000#..## ... ~#~~#.##
#.# 00~~#.# #.# 0~~~#.#


There were no monsters in sight!

Vanquished Creatures
  A leopard gecko (D:1)
  A goblin (D:1)
  3 hobgoblins (D:1)
  A frilled lizard (D:1)
6 creatures vanquished.

Vanquished Creatures (collateral kills)
  A giant cockroach (D:1)
1 creature vanquished.

Vanquished Creatures (others)
  24 foxfires (D:1)
24 creatures vanquished.

Grand Total: 31 creatures vanquished

Notes
Turn   | Place    | Note
-------+----------+-------------------------------------------
     0 | D:1      | Duffy the Demonspawn Fire Elementalist began the quest for
                  | the Orb.
     0 | D:1      | Reached XP level 1. HP: 13/13 MP: 3/3
   353 | D:1      | Gained mutation: You are surrounded by a mild repulsion
                  | field. (EV +2) [demonic ancestry]
   353 | D:1      | Reached XP level 2. HP: 11/19 MP: 0/5
   354 | D:1      | Quit the game

Illustrated notes

Levels and vault maps discovered:
D:1:      saegor_arrival_miasma, layout_loops_corners, minmay_tiny_reverse_x

Skill      XL: |  1 |
---------------+----+-----
Conjurations   | 2 |  2.1
Dodging        | |  1.7
Stealth        | |  1.7
Spellcasting   | |  2.0
Fire Magic     | |  2.6

Action                   || total
-------------------------++-------
 Cast: Foxfire           ||    18
Dodge: Dodged            ||     2

Table legend:
 A = Non-vault XP
 B = Vault XP
 C = Vault XP percentage of total XP
 D = Non-vault monster count
 E = Vault monster count
 F = Vault count percentage of total count
                 A         B        C        D         E       F
            +---------+---------+-------+---------+---------+-------
      Total |      10 |       3 |  23.1 |       5 |       2 |  28.6
            +---------+---------+-------+---------+---------+-------
        D:1 |      10 |       3 |  23.1 |       5 |       2 |  28.6
            +---------+---------+-------+---------+---------+-------
